 Dungeon Crawl Stone Soup version 0.31-a0-1074-g0b22e4e0f1 (webtiles) character file.

Game seed: 9451166339294160412

11655 strifetoe the Severer (level 11, -19/100 HPs)
             Began as a Hill Orc Monk on Nov 30, 2023.
             Was a High Priest of Okawaru.
             Killed from afar by a deep elf pyromancer (32 damage)
             ... with a bolt of fire
             ... on level 11 of the Dungeon.
             The game lasted 00:20:08 (12332 turns).

strifetoe the Severer (Hill Orc Monk)              Turns: 12332, Time: 00:20:09

Health: -19/100    AC: 21    Str: 19    XL:     11   Next: 81%
Magic:  0/0        EV:  9    Int: 15    God:    Okawaru [*****.]
Gold:   436        SH:  7    Dex: 13    Spells: 10/10 levels left

rFire   . . .        b - +0 war axe (freeze)
rCold   + . .        x - +2 buckler
rNeg    + + .        h - +4 chain mail of Ru's Scorn {rN++ MP-9 Int+5}
rPois   +            E - +0 helmet of the Three Olives {Rampage rElec MP-9 Stlth+}
rElec   +            s - +1 cloak
rCorr   .            B - +0 pair of gloves
SInv    .            G - +0 pair of boots
Will    .....        (no amulet) Stlth
                     m - ring of poison resistance
HPRegen 0.36/turn    w - ring of protection from cold
MPRegen 0.07/turn

%: rampage
@: no status effects
A: no striking features
a: Renounce Religion, Heroism, Finesse, Duel


You were on level 11 of the Dungeon.
You worshipped Okawaru.
Okawaru was extremely pleased with you.
You visited 2 branches of the dungeon, and saw 12 of its levels.
You also visited: Sewer.

You collected 556 gold pieces.
You spent 120 gold pieces at shops.

Inventory:

Hand Weapons
 a - the +6 short sword of Untug {vamp, Str+3}
   (You found it on level 4 of the Dungeon)

   Str+3:     It affects your strength (+3).
 b - a +0 war axe of freezing (weapon)
 g - a +1 hand axe
Missiles
 i - 2 silver javelins
 u - 2 throwing nets
 M - an atropa-tipped dart
Armour
 h - the +4 chain mail of Ru's Scorn (worn) {rN++ MP-9 Int+5}
   (You found it on level 8 of the Dungeon)

   Int+5:     It affects your intelligence (+5).
   rN++:      It greatly protects you from negative energy.
   MP-9:      It affects your magic capacity (-9).
 s - a +1 cloak (worn)
 x - a +2 buckler (worn)
 B - a +0 pair of gloves (worn)
 E - the +0 helmet of the Three Olives (worn) {Rampage rElec MP-9 Stlth+}
   (You found it on level 5 of the Dungeon)

   rElec:     It insulates you from electricity.
   MP-9:      It affects your magic capacity (-9).
   Rampage:   It bestows one free step when moving towards enemies.
   Stlth+:    It makes you more stealthy.
 G - a +0 pair of boots (worn)
Jewellery
 m - a ring of poison resistance (left hand)
 p - a ring of protection from cold
 q - a ring of positive energy
 w - a ring of protection from cold (right hand)
 F - a ring of wizardry
 H - a ring of protection from fire
Wands
 z - a wand of polymorph (2)
Scrolls
 e - 4 scrolls of silence
 l - 2 scrolls of immolation
 o - 4 scrolls of enchant weapon
 r - 4 scrolls of fear
 v - a scroll of noise
 y - 2 scrolls of teleportation
 K - 4 scrolls of identify
 L - a scroll of fog
Potions
 c - 2 potions of ambrosia
 f - 2 potions of curing
 j - 3 potions of brilliance
 k - 2 potions of lignification
 n - a potion of enlightenment {unknown}
 t - 2 potions of haste
 A - 2 potions of attraction {unknown}
 C - 2 potions of mutation
 D - 2 potions of resistance {unknown}
 I - 2 potions of heal wounds
 J - a potion of might {unknown}


   Skills:
 - Level 10.2 Fighting
 - Level 3.0 Short Blades
 - Level 16.1 Axes
 + Level 4.7 Throwing
 - Level 8.5 Armour
 - Level 3.5 Dodging
 - Level 4.2 Shields
 + Level 0.0 Invocations


You had 10 spell levels left.
You didn't know any spells.
Your spell library contained the following spells:

 Spells                   Type           Power      Damage    Failure   Level
 Apportation              Tloc           0%         N/A       91%         1
 Necrotise                Necr           0%         1d4       91%         1
 Blink                    Tloc           0%         N/A       97%         2
 Sublimation of Blood     Necr           0%         N/A       97%         2
 Inner Flame              Hex/Fire       0%         N/A       100%        3
 Ozocubu's Armour         Ice            0%         N/A       100%        3
 Flame Wave               Conj/Fire      0%         2d4       100%        4
 Petrify                  Tmut/Erth      0%         N/A       100%        4
 Sticky Flame             Conj/Fire      0%         2d3       100%        4
 Borgnjor's Vile Clutch   Necr/Erth      0%         N/A       100%        5
 Irradiate                Conj/Tmut      0%         3d11      100%        5
 Metabolic Englaciation   Hex/Ice        0%         N/A       100%        5
 Ozocubu's Refrigeration  Ice            0%         4d7       100%        7
 Summon Small Mammal      Summ           Unusable   N/A       N/A         1
 Animate Dead             Necr           Unusable   N/A       N/A         4
 Death Channel            Necr           Unusable   N/A       N/A         6
 Simulacrum               Ice/Necr       Unusable   N/A       N/A         6

Dungeon Overview and Level Annotations

Branches:
Dungeon (11/15)            Temple (1/1) D:6            Lair (0/5) D:10
    Orc (0/2) D:10          Sewer (visited)

Altars:
Ashenzari
Cheibriados
Dithmenos
Elyvilon
Fedhas
Gozag
Hepliaklqana
Kikubaaqudgha
Makhleb
Nemelex Xobeh
Okawaru
Qazlal
Ru
Sif Muna
Trog
Uskayaw
Vehumet
Wu Jian
Xom
Yredelemnul
Zin
The Shining One

Shops:
D:4 *=   D:5 *   D:6 !   D:9 =?*


Message History

You are too injured to fight recklessly!
You are too injured to fight recklessly!
You are too injured to fight recklessly!
You are too injured to fight recklessly!
You are too injured to fight recklessly!
You are too injured to fight recklessly!
You are too injured to fight recklessly!
You are too injured to fight recklessly!
You are too injured to fight recklessly!
You are too injured to fight recklessly!
Unknown command.
You hit the deep elf pyromancer. You freeze the deep elf pyromancer.
The deep elf pyromancer is moderately wounded.
You hit the deep elf pyromancer but do no damage.
The deep elf pyromancer is moderately wounded.
The deep elf pyromancer barely misses you.
You barely miss the deep elf pyromancer.
The deep elf pyromancer is moderately wounded.
You hit the deep elf pyromancer but do no damage.
The deep elf pyromancer is moderately wounded.
The deep elf pyromancer gestures at you while chanting.
The bolt of fire hits you!
* * * LOW HITPOINT WARNING * * *
You slash the deep elf pyromancer! You freeze the deep elf pyromancer.
The deep elf pyromancer is heavily wounded.
The deep elf pyromancer gestures at you while chanting.
The bolt of fire hits you!
* * * LOW HITPOINT WARNING * * *
You slash the deep elf pyromancer! You freeze the deep elf pyromancer.
The deep elf pyromancer is almost dead.
The deep elf pyromancer hits you with a +1 heavy long sword!
* * * LOW HITPOINT WARNING * * *
Unknown command.
You hit the deep elf pyromancer but do no damage.
The deep elf pyromancer is almost dead.
You hit the deep elf pyromancer but do no damage.
The deep elf pyromancer is almost dead.
The deep elf pyromancer gestures at you while chanting.
The bolt of fire hits you!!
You die...

#. #. .. #. #. #.
##e## .###..@######
.............##
#.##..........##.#
#...........#.###
.......<......#.#.#
..#.......#!^.#..#
#.##......###....##
.## #.
#######.#..##..#.?.#
#............#...


You could see a deep elf pyromancer.

Vanquished Creatures
  Gastronok (D:8)
  2 two-headed ogres (D:9)
  2 manticores
  An unseen horror (D:10)
  A komodo dragon (D:11)
  A troll (D:10)
  Grinder (D:4)
  A hornet (D:8)
  A wraith (D:8)
  A shadow (D:11)
  15 yaks
  A fire bat (D:8)
  A steam dragon (D:8)
  Menkaure (D:6)
  Duvessa (D:4)
  A water moccasin (D:6)
  3 sky beasts
  3 black bears
  3 orc warriors
  A centaur (D:10)
  5 phantoms
  6 kobold brigands
  6 bullfrogs
  4 scorpions
  2 wyvern zombies (D:6)
  A gnoll sergeant (D:9)
  Dowan (D:4)
  A water moccasin skeleton (D:6)
  4 wights (D:9)
  7 killer bees
  3 howler monkeys (D:7)
  2 centaur zombies (D:6)
  2 bullfrog zombies (D:6)
  6 jellies
  2 gnoll boudas
  3 orc priests
  A bullfrog skeleton (D:6)
  A hound (D:5)
  A sleepcap (D:5)
  6 iguanas
  Jessica (D:3)
  Ijyb (D:4)
  4 orc wizards
  A hell rat (Sewer)
  4 killer bee zombies (D:6)
  A howler monkey zombie (D:6)
  3 adders
  15 gnolls
  2 river rats (Sewer)
  2 shadow imps
  3 ufetubi
  2 worms
  4 dart slugs
  38 orcs
  9 ball pythons
  5 endoplasms
  4 giant cockroaches
  5 goblins
  7 hobgoblins
  12 jackals
  5 quokkas
  4 bats
  7 frilled lizards
  35 kobolds
  8 rats
288 creatures vanquished.

Vanquished Creatures (others)
  An orc wizard (D:8)
  2 kobolds (D:8)
3 creatures vanquished.

Grand Total: 291 creatures vanquished

Notes
Turn   | Place    | Note
-------+----------+-------------------------------------------
     0 | D:1      | strifetoe the Hill Orc Monk began the quest for the Orb.
     0 | D:1      | Reached XP level 1. HP: 19/19 MP: 1/1
   141 | D:1      | Reached XP level 2. HP: 20/26 MP: 2/2
   256 | D:1      | Reached skill level 5 in Axes
   453 | D:1      | Reached XP level 3. HP: 26/31 MP: 3/3
   930 | D:2      | Reached skill level 6 in Axes
  1420 | D:3      | Reached XP level 4. HP: 39/39 MP: 4/4
  1867 | D:3      | Reached skill level 7 in Axes
  2187 | D:3      | Noticed Jessica
  2193 | D:3      | Reached XP level 5. HP: 32/45 MP: 5/5
  2197 | D:3      | Killed Jessica
  2269 | D:3      | Got Jessica's Cyclopedia of Portals
  2644 | D:4      | Noticed Ijyb
  2665 | D:4      | Killed Ijyb
  2666 | D:4      | Reached skill level 8 in Axes
  2667 | D:4      | Reached XP level 6. HP: 18/51 MP: 6/6
  2826 | D:4      | Noticed Duvessa
  2826 | D:4      | Noticed Dowan
  2845 | D:4      | Killed Duvessa
  2846 | D:4      | Reached skill level 9 in Axes
  2848 | D:4      | Killed Dowan
  3072 | D:4      | Reached skill level 10 in Axes
  3374 | D:4      | Reached XP level 7. HP: 58/58 MP: 7/7
  3436 | D:4      | Noticed Grinder
  3436 | D:4      | Paralysed by Grinder for 3 turns
  3444 | D:4      | Paralysed by Grinder for 5 turns
  3458 | D:4      | Paralysed by Grinder for 5 turns
  3465 | D:4      | Killed Grinder
  3707 | D:4      | Identified the +6 short sword of Untug {vamp, Str+3}
  3744 | D:4      | Found Peleizo's Jewellery Shoppe.
  3746 | D:4      | Found Voghy's Weapon Emporium.
  3748 | D:4      | Found Ciofur's General Store.
  4217 | D:5      | Entered Level 5 of the Dungeon
  4228 | D:5      | Reached skill level 5 in Fighting
  4238 | D:5      | Reached XP level 8. HP: 66/68 MP: 8/8
  4265 | D:5      | Reached skill level 1 in Short Blades
  4422 | D:5      | Found a glowing drain.
  4426 | Sewer    | Entered a sewer
  4791 | D:5      | Identified the +0 helmet of the Three Olives {Rampage rElec
                  | MP-9 Stlth+}
  5224 | D:5      | Found a glowing silver altar of Zin.
  5515 | D:5      | Found Couniv's Assorted Antiques.
  5710 | D:6      | Reached XP level 9. HP: 37/78 MP: 0/9
  6029 | D:6      | Reached skill level 5 in Armour
  6063 | D:6      | Found a staircase to the Ecumenical Temple.
  6087 | Temple   | Entered the Ecumenical Temple
  6167 | Temple   | Became a worshipper of Warmaster Okawaru
  6167 | Temple   | Reached * piety under Okawaru
  6167 | Temple   | Reached ** piety under Okawaru
  6327 | D:6      | Noticed Menkaure
  6339 | D:6      | Killed Menkaure
  6564 | D:6      | Found Vomomnop's Distillery.
  6572 | D:6      | Bought a potion of heal wounds for 75 gold pieces
  6795 | D:6      | Reached skill level 11 in Axes
  7187 | D:6      | Found a sacrificial altar of Ru.
  7196 | D:6      | Found an ancient bone altar of Kikubaaqudgha.
  7616 | D:7      | Reached *** piety under Okawaru
  7783 | D:7      | Noticed a boulder beetle
  7829 | D:7      | Noticed a troll
  7836 | D:7      | HP: 4/82 [troll (5)]
  7837 | D:7      | Noticed a manticore
  7854 | D:8      | Reached XP level 10. HP: 22/90 MP: 1/10
  7871 | D:8      | Reached skill level 12 in Axes
  8109 | D:7      | Killed a manticore
  9002 | D:8      | Noticed Gastronok
  9015 | D:8      | Killed Gastronok
  9015 | D:8      | Reached **** piety under Okawaru
  9015 | D:8      | Reached ***** piety under Okawaru
  9016 | D:8      | Reached skill level 10 in Fighting
  9016 | D:8      | Reached skill level 13 in Axes
  9053 | D:8      | Identified the +4 chain mail of Ru's Scorn {rN++ MP-9
                  | Int+5}
  9202 | D:8      | Found a sparkling altar of Nemelex Xobeh.
  9679 | D:9      | Noticed a two-headed ogre
 10047 | D:9      | Noticed a two-headed ogre
 10062 | D:9      | Killed a two-headed ogre
 10115 | D:9      | Reached XP level 11. HP: 100/100 MP: 0/11
 10284 | D:9      | Reached skill level 14 in Axes
 10317 | D:9      | Found Okiuthr Qege's Jewellery Emporium.
 10356 | D:9      | Found Tupsurch's Magic Scroll Shoppe.
 10366 | D:9      | Killed a two-headed ogre
 10431 | D:9      | Found Foacopp's General Store.
 10437 | D:9      | Bought a scroll of teleportation for 45 gold pieces
 10517 | D:9      | Received a gift from Okawaru
 10968 | D:10     | Entered Level 10 of the Dungeon
 10968 | D:10     | Found a staircase to the Orcish Mines.
 10981 | D:10     | Reached skill level 15 in Axes
 11183 | D:10     | Reached skill level 16 in Axes
 11335 | D:10     | Noticed a manticore
 11342 | D:10     | Killed a manticore
 11342 | D:10     | Received a gift from Okawaru
 11343 | D:10     | Reached skill level 1 in Throwing
 11376 | D:10     | Found a broken altar of Ashenzari.
 11447 | D:10     | Found a staircase to the Lair.
 12319 | D:11     | Noticed a deep elf pyromancer
 12332 | D:11     | Killed from afar by a deep elf pyromancer

Illustrated notes

Levels and vault maps discovered:
D:1:      dpeg_arrival_houses_and_road, layout_rooms
D:2:      layout_rooms
D:3:      layout_loops_ring, kennysheep_jessica_study
D:4:      layout_gridville, minmay_fountain_box, nicolae_wooded_promenade,
          uniq_grinder, uniq_duvessa, uniq_ijyb
D:5:      layout_basic, mainiacjoe_overflow_small_starburst,
          mainiacjoe_sewer_entry_somewhere_in_here_2, kennysheep_windowed_goal
D:6:      layout_gridville, mainiacjoe_overflow_swirl,
          minmay_temple_entry_gardened_gates, serial_shops,
          nicolae_shop_tiny_statue_garden, serial_undead, serial_undead_f,
          serial_undead_b, serial_undead_c, serial_undead_a, serial_undead_d,
          minmay_misc_feat_more_columns, dreamdust_princess_bridge,
          hangedman_decor_clover_reticule, uniq_menkaure
D:7:      nzn_winding_woodlands_large [nzn_winding_woodlands_hourglass,
          nzn_winding_woodlands_5x15_pathside_ponds,
          nzn_winding_woodlands_5x5_closed_star,
          nzn_winding_woodlands_center_triple_pond,
          nzn_winding_woodlands_15x15_five_gardens,
          nzn_winding_woodlands_center_garden, nzn_winding_woodlands_5x5_cross,
          nzn_winding_woodlands_5x15_twine,
          nzn_winding_woodlands_5x5_perimeter], layout_loops_ring,
          dk_noncrumbling_3, uniq_joseph
D:8:      layout_layer_cave, mainiacjoe_overflow_24_doors, uniq_gastronok
D:9:      layout_long_grid, serial_shops, shop, shop, nicolae_shop_gaudy_bauble
D:10:     layout_small_grid, ashenzari_conservatory_becter, dpeg_oklobed_lair,
          orc_0_dummy
D:11:     layout_loops_ring, kennysheep_generic_room_14, uniq_psyche, uniq_lodul
Temple:   minmay_temple_bridge_d

Skill      XL: |  1  2  3  4  5  6  7  8  9 10 11 |
---------------+----------------------------------+-----
Axes           | 5 6 7 8 10 11 13 16 | 16.1
Fighting       | 5 6 8 10 | 10.2
Armour         | 3 4 7 8 |  8.5
Shields        | 3 4 |  4.2
Short Blades   | 3 |  3.0
Dodging        | 3 |  3.5
Throwing       | 4 |  4.7

Action                     |  1- 3 |  4- 6 |  7- 9 | 10-12 || total
---------------------------+-------+-------+-------+-------++-------
  Melee: Hand axe          |   127 |   148 |    51 |       ||   326
         Short sword       |       |       |    97 |       ||    97
         War axe           |       |       |   346 |   394 ||   740
  Evoke: Wand              |       |     2 |     5 |    14 ||    21
    Use: Scroll            |     6 |     5 |     9 |     2 ||    22
         Potion            |       |     1 |     7 |     1 ||     9
 Armour: Robe              |    82 |    72 |       |       ||   154
         Scale mail        |       |     1 |   368 |    61 ||   430
         Skin              |       |       |     8 |       ||     8
         Chain mail        |       |       |       |   250 ||   250
  Dodge: Dodged            |    91 |    71 |   205 |   117 ||   484
  Block: Buckler           |       |       |   166 |   107 ||   273

Table legend: (Time is in decaauts)
 A = Elapsed time spent in this place.
 B = Non-inter-level travel time spent in this place.
 C = Inter-level travel time spent in this place.
 D = Time resting spent in this place.
 E = Time spent auto-exploring this place.
 F = Levels seen in this place.
 G = Mean time per level.
                   A        B        C        D        E       F      G
               +--------+--------+--------+--------+--------+-----+--------+
         Total |  12292 |  11672 |    620 |   3087 |   6274 |  13 |  945.5 |
       Dungeon |  11883 |  11404 |    479 |   2937 |   6265 |  11 | 1080.3 |
        Temple |    151 |     10 |    141 |      0 |      8 |   1 |  151.0 |
         Sewer |    257 |    257 |      0 |    150 |      1 |   1 |  257.0 |
               +--------+--------+--------+--------+--------+-----+--------+

Top non-repeatable levels by time:
     D:8: 1882 daAuts
     D:5: 1519 daAuts
     D:3: 1469 daAuts
     D:4: 1323 daAuts
     D:6: 1211 daAuts
    D:10: 999 daAuts
     D:9: 932 daAuts
     D:1: 827 daAuts
     D:7: 823 daAuts
     D:2: 575 daAuts
    D:11: 319 daAuts
   Sewer: 257 daAuts
  Temple: 151 daAuts
